 Dungeon Crawl Stone Soup version 0.31-a0-986-g5e6e4ef867 (webtiles) character file.

Game seed: 1257531706299080328

11657 Hubris850 the Brawler (level 11, -1/145 HPs)
             Began as a Troll Berserker on Nov 22, 2023.
             Was a High Priest of Trog.
             Slain by a yak (4 damage)
             ... on level 9 of the Dungeon.
             The game lasted 00:21:28 (8976 turns).

Hubris850 the Brawler (Troll Berserker)             Turns: 8976, Time: 00:21:29

Health: -1/145     AC: 13    Str: 29    XL:     11   Next: 52%
Magic:  0/10       EV: 10    Int:  3    God:    Trog [*****.]
Gold:   610        SH:  0    Dex: 11    Spells: 10/10 levels left

rFire   + .          .
                       - Unarmed
rCold   . . .        (no shield)
rNeg    + . .        y - +0 swamp dragon scales
rPois   +            (helmet restricted)
rElec   .            k - +2 cloak
rCorr   .            (gloves unavailable)
SInv    .            (boots unavailable)
Will    .....        i - amulet of guardian spirit Stlth
                     c - ring of positive energy
HPRegen 1.24/turn    u - ring of protection from fire
MPRegen 0.12/turn

%: guardian spirit
@: berserking, very quick
A: large, unfitting armour, claws 3, regeneration 1, shaggy fur 1, tough skin 1
a: Renounce Religion, Berserk, Trog's Hand, Brothers in Arms


You were on level 9 of the Dungeon.
You worshipped Trog.
Trog was extremely pleased with you.
You visited 2 branches of the dungeon, and saw 11 of its levels.

You collected 610 gold pieces.

Inventory:

Hand Weapons
 s - the +6 spear "Diliul" {heavy, Fragile rPois Will+ rCorr}
   (You found it on level 4 of the Dungeon)

   rPois:     It protects you from poison Will+: It increases your willpower.
   rCorr:     It protects you from acid and corrosion.
   Fragile:   It will be destroyed if unequipped.
Missiles
 v - 2 curare-tipped darts
 w - 21 poisoned darts
 C - 3 throwing nets
Armour
 a - a +0 animal skin
 k - a +2 cloak (worn)
 t - a +2 robe of willpower
 y - +0 swamp dragon scales (worn)
 H - an orb of guile
Jewellery
 c - a ring of positive energy (left claw)
 f - a ring of positive energy
 i - an amulet of guardian spirit (around neck)
 m - a ring of ice
 u - a ring of protection from fire (right claw)
Talismans
 K - a maw talisman
Wands
 x - a wand of flame (49)
 D - a wand of mindburst (16)
Scrolls
 b - a scroll of butterflies {unknown}
 d - 2 scrolls of fear
 e - a scroll of amnesia {unknown}
 j - 2 scrolls of enchant armour {unknown}
 o - 2 scrolls of torment {unknown}
 p - 2 scrolls of vulnerability
 z - 6 scrolls of teleportation
 G - a scroll of immolation {unknown}
 I - a scroll of identify
 J - a scroll of acquirement {unknown}
Potions
 g - 2 potions of haste
 h - 2 potions of enlightenment
 l - 4 potions of resistance
 n - 3 potions of mutation
 r - a potion of lignification
 A - 2 potions of ambrosia
 B - 2 potions of invisibility {unknown}
 E - 5 potions of curing
 F - 3 potions of brilliance {unknown}


   Skills:
 - Level 3.0 Fighting
 - Level 3.0 Armour
 - Level 4.0 Dodging
 - Level 16.0 Unarmed Combat
 + Level 6.5 Shapeshifting


You had 10 spell levels left.
You didn't know any spells.
Your spell library was empty.

Dungeon Overview and Level Annotations

Branches:
Dungeon (10/15)            Temple (0/1) D:6            Lair (1/5) D:9
    Orc: D:9-12

Altars:
Fedhas
Kikubaaqudgha
Nemelex Xobeh
Qazlal
Uskayaw
The Shining One

Annotations:
D:9 2 transporters
D:10 3 runed translucent doors, gelatine's ghost, novice DsFi


Innate Abilities, Weirdness & Mutations

You are too large for most types of armour.
You have claws for hands.
Your natural rate of healing is unusually fast.
You are covered in fur. (AC +1)
You have tough skin. (AC +1)


Message History

Unknown command.
You claw the blink frog!
The blink frog is heavily wounded.
The blink frog misses you.
Unknown command.
The blink frog blinks!
The black bear bites you.
* * * LOW HITPOINT WARNING * * *
The black bear claws you but does no damage. x2
The yak gores you but does no damage. The yak gores you.
* * * LOW HITPOINT WARNING * * *
The yak gores you.
* * * LOW HITPOINT WARNING * * *
The yak closely misses you. The yak gores you.
* * * LOW HITPOINT WARNING * * *
The yak gores you but does no damage. The blink frog hits you.
* * * LOW HITPOINT WARNING * * *
You climb upwards.
Welcome back to the Dungeon!
Level annotation: 2 transporters You feel a strong urge to attack something.
There is a staircase to the Lair, spattered with blood here.
You miss the blink frog.
The blink frog is heavily wounded.
The yak gores you!
* * * LOW HITPOINT WARNING * * *
The yak gores you but does no damage. The yak completely misses you.
The black bear closely misses you.
The black bear claws you but does no damage.
The black bear claws you.
* * * LOW HITPOINT WARNING * * *
The yak gores you but does no damage. x3
You are too berserk!
You mangle the blink frog!!
You kill the blink frog!
Trog accepts your kill.
Unknown command.
The yak gores you but does no damage. The yak closely misses you.
The yak gores you.
* * * LOW HITPOINT WARNING * * *
The yak gores you.
You die...

#.# #.......... #.#
#.......... #.##
#........## #..#
#........# #..#
#..###...# #..# #..#
#...# #..########..#
#..## #...YY.......#
#..# #...@Yh......#
#..#
#...YY†......###..###
#....Y...............
#....................
#...####.####........
#...#.......###....##
#...#.#._.#.# #....#
#...#.......###....#
#............##....##


You could see 6 yaks and a black bear.

Vanquished Creatures
  A death drake (shapeshifter) (D:10)
  Pikel (D:9)
  4 ugly things (D:10)
  A black mamba (Lair:1)
  Maggie (D:6)
  Jeremiah (D:9)
  A komodo dragon (D:9)
  Prince Ribbit (D:7)
  3 blink frogs
  Grinder (D:3)
  2 hornets (D:8)
  8 yaks
  Grum (D:9)
  3 steam dragons
  3 water moccasins
  Duvessa (D:5)
  2 sky beasts
  An orc warrior (D:6)
  An ice beast (D:7)
  A black bear (D:6)
  3 wolves
  5 ogres
  3 centaurs
  5 kobold brigands
  2 lemures (D:9)
  Blork the orc (D:4)
  2 bullfrogs
  3 gnoll sergeants (D:10)
  2 scorpions
  12 wights
  Dowan (D:5)
  4 killer bees (D:9)
  6 howler monkeys
  2 electric eels (D:8)
  2 gnoll boudas
  5 hounds
  2 jellies
  5 orc priests
  2 sleepcaps
  3 iguanas
  7 orc wizards
  Ijyb (D:5)
  27 gnolls
  11 adders
  A shadow imp (D:7)
  A white imp (D:6)
  A worm (D:2)
  2 dart slugs (D:1)
  20 orcs
  11 endoplasms
  5 giant cockroaches
  10 goblins
  5 hobgoblins
  5 quokkas
  7 ball pythons
  5 bats (D:2)
  5 frilled lizards
  20 kobolds
  A rat (D:2)
253 creatures vanquished.

Notes
Turn   | Place    | Note
-------+----------+-------------------------------------------
     0 | D:1      | Hubris850 the Troll Berserker began the quest for the Orb.
     0 | D:1      | Reached XP level 1. HP: 22/22 MP: 0/0
   174 | D:1      | Reached XP level 2. HP: 29/29 MP: 1/1
   503 | D:1      | Reached ** piety under Trog
   578 | D:1      | Reached XP level 3. HP: 33/36 MP: 2/2
   824 | D:2      | Reached XP level 4. HP: 45/45 MP: 3/3
  1258 | D:2      | Found a faded altar of an unknown god.
  1272 | D:2      | Reached skill level 4 in Unarmed Combat
  1518 | D:3      | Noticed Grinder
  1521 | D:3      | Paralysed by Grinder for 4 turns
  1533 | D:3      | Killed Grinder
  1534 | D:3      | Reached skill level 5 in Unarmed Combat
  1534 | D:3      | Reached XP level 5. HP: 46/53 MP: 2/4
  1534 | D:3      | Reached XP level 6. HP: 53/61 MP: 2/5
  1655 | D:3      | Found a blossoming altar of Fedhas.
  1658 | D:3      | Reached *** piety under Trog
  2410 | D:4      | Identified the +6 spear "Diliul" {heavy, Fragile rPois
                  | Will+ rCorr}
  2441 | D:4      | Reached skill level 6 in Unarmed Combat
  2487 | D:4      | Noticed Blork the orc
  2497 | D:4      | Killed Blork the orc
  2561 | D:4      | Reached XP level 7. HP: 52/67 MP: 3/6
  2588 | D:4      | Reached skill level 7 in Unarmed Combat
  2900 | D:4      | You fall into a shaft and drop 3 floors!
  2900 | D:7      | Found a stormy altar of Qazlal.
  2944 | D:7      | Noticed Prince Ribbit
  2964 | D:7      | Killed Prince Ribbit
  2965 | D:7      | Reached skill level 8 in Unarmed Combat
  2994 | D:6      | Reached XP level 8. HP: 75/75 MP: 7/7
  3024 | D:6      | Reached skill level 9 in Unarmed Combat
  3094 | D:6      | Found a staircase to the Ecumenical Temple.
  3129 | D:6      | Noticed Maggie
  3133 | D:6      | Reached skill level 10 in Unarmed Combat
  3152 | D:6      | Killed Maggie
  3254 | D:5      | Entered Level 5 of the Dungeon
  3534 | D:4      | Reached skill level 1 in Armour
  3534 | D:4      | Reached skill level 11 in Unarmed Combat
  3691 | D:5      | Reached XP level 9. HP: 81/81 MP: 6/8
  3717 | D:5      | Noticed Duvessa
  3737 | D:5      | Killed Duvessa
  3744 | D:5      | Reached **** piety under Trog
  3752 | D:5      | Noticed Dowan
  3795 | D:5      | Killed Dowan
  4131 | D:5      | Reached skill level 12 in Unarmed Combat
  4151 | D:5      | Noticed Ijyb
  4167 | D:5      | Killed Ijyb
  4582 | D:6      | Found an ancient bone altar of Kikubaaqudgha.
  5172 | D:7      | Reached skill level 13 in Unarmed Combat
  5181 | D:7      | Reached ***** piety under Trog
  5459 | D:7      | Reached XP level 10. HP: 65/90 MP: 5/9
  5846 | D:8      | Identified the "Wiuf"
  6137 | D:8      | Found a sparkling altar of Nemelex Xobeh.
  6229 | D:8      | Found a glowing golden altar of the Shining One.
  6252 | D:8      | Reached skill level 14 in Unarmed Combat
  6619 | D:9      | Noticed Pikel
  6667 | D:9      | Killed Pikel
  6690 | D:9      | Noticed Grum
  6706 | D:9      | Reached skill level 15 in Unarmed Combat
  6709 | D:9      | Killed Grum
  6814 | D:9      | Found a transporter.
  6831 | D:9      | Noticed a deep elf zephyrmancer
  6831 | D:9      | Noticed a brown ugly thing
  6832 | D:9      | Noticed a skeletal warrior
  6833 | D:9      | Noticed a cyclops
  6851 | D:9      | Found a transporter.
  7008 | D:9      | Found a hide-covered altar of Uskayaw.
  7026 | D:9      | Noticed Jeremiah
  7032 | D:9      | Found a staircase to the Lair.
  7058 | D:9      | Killed Jeremiah
  7425 | D:10     | Entered Level 10 of the Dungeon
  7739 | D:10     | Reached XP level 11. HP: 81/97 MP: 6/10
  8259 | D:10     | Found a runed translucent gate.
  8259 | D:10     | Found a runed translucent gate.
  8260 | D:10     | Found a runed translucent gate.
  8260 | D:10     | Noticed a white ugly thing
  8260 | D:10     | Noticed a purple ugly thing
  8260 | D:10     | Noticed a white ugly thing
  8262 | D:10     | Noticed a white ugly thing
  8267 | D:10     | a torpor snail changed into a glowing orange brain
  8267 | D:10     | Noticed a glowing orange brain (glowing shapeshifter)
  8270 | D:10     | a glowing orange brain changed into a swamp dragon
  8270 | D:10     | Noticed a swamp dragon (glowing shapeshifter)
  8513 | D:10     | a spriggan changed into a harpy
  8513 | D:10     | Noticed a harpy (glowing shapeshifter)
  8516 | D:10     | a harpy changed into a queen bee
  8535 | D:10     | a moth of wrath changed into a death drake
  8535 | D:10     | Noticed a death drake (glowing shapeshifter)
  8541 | D:10     | Killed a purple ugly thing
  8542 | D:10     | Reached skill level 16 in Unarmed Combat
  8542 | D:10     | Reached skill level 1 in Shapeshifting
  8545 | D:10     | Killed a death drake
  8548 | D:10     | Killed a cyan ugly thing
  8552 | D:10     | Killed a brown ugly thing
  8558 | D:10     | Killed a purple ugly thing
  8612 | D:10     | Found a runed translucent gate.
  8612 | D:10     | Found a runed translucent gate.
  8616 | D:10     | Found a runed translucent gate.
  8622 | D:10     | Noticed gelatine's ghost (novice DsFi)
  8622 | D:10     | Noticed a cacodemon
  8864 | Lair:1   | Entered Level 1 of the Lair of Beasts
  8878 | Lair:1   | Reached skill level 5 in Shapeshifting
  8974 | D:9      | HP: 6/145 [yak (8)]
  8976 | D:9      | Slain by a yak

Illustrated notes

Levels and vault maps discovered:
D:1:      wander_arrival_abandoned_jail, layout_basic
D:2:      layout_loops_cross, serial_forest, infiniplex_forest_lined_3_way,
          infiniplex_forest_lined_4_way, infiniplex_forest_straight_1,
          infiniplex_forest_straight_2,
          shapermc_ecumenical_altar_mp_ritualfount, chequers_arboretum
D:3:      layout_basic, mainiacjoe_overflow_boulevard,
          minmay_misc_feat_secret_circle, uniq_grinder
D:4:      layout_cave_pods, uniq_blork_the_orc
D:5:      layout_cave_pools, minmay_gold_behind_fungi, uniq_duvessa, uniq_ijyb
D:6:      layout_basic, lemuel_round_altar, temple_statues, uniq_maggie
D:7:      dreamdust_elfheim, layout_basic, lemuel_round_altar,
          uniq_prince_ribbit1
D:8:      layout_cave_pools, nemelex_spade_bored_becter, marbit_many_paths,
          kennysheep_opposing_triangles
D:9:      gammafunk_the_bubble [the_bubble_gammafunk_plus_minus],
          layout_small_grid, nicolae_uskayaw_dance_hall, uniq_grum, uniq_pikel,
          uniq_jeremiah
D:10:     layout_loops_corners, ploomutoo_gammafunk_ghost_potion_laboratory
Lair:1:   layout_cave_shapes, gauntlet_entry_generic, serial_bayou_shore_b

Skill      XL: |  1  2  3  4  5  6  7  8  9 10 11 |
---------------+----------------------------------+-----
Fighting       | 3 |  3.0
Dodging        | 3 4 |  4.0
Unarmed Combat | 5 6 8 11 13 15 16 | 16.0
Armour         | 1 3 |  3.0
Shapeshifting  | 6 |  6.5

Action                     |  1- 3 |  4- 6 |  7- 9 | 10-12 || total
---------------------------+-------+-------+-------+-------++-------
  Melee: Unarmed           |    66 |   123 |   240 |   258 ||   687
         Punch             |     1 |     2 |     5 |    13 ||    21
 Invoke: Berserk           |       |     1 |     2 |     4 ||     7
         Trog's Hand       |       |       |       |     1 ||     1
         Brothers in Arms  |       |       |       |     1 ||     1
    Use: Scroll            |       |       |       |    11 ||    11
         Potion            |       |       |       |     2 ||     2
   Stab: Sleeping          |       |     1 |       |       ||     1
 Armour: Animal skin       |    29 |    87 |       |       ||   116
         Robe              |       |     2 |    52 |       ||    54
         Swamp dragon scal |       |       |    93 |   254 ||   347
  Dodge: Dodged            |    30 |    60 |    96 |   117 ||   303

Table legend: (Time is in decaauts)
 A = Elapsed time spent in this place.
 B = Non-inter-level travel time spent in this place.
 C = Inter-level travel time spent in this place.
 D = Time resting spent in this place.
 E = Time spent auto-exploring this place.
 F = Levels seen in this place.
 G = Mean time per level.
                   A        B        C        D        E       F      G
               +--------+--------+--------+--------+--------+-----+--------+
         Total |   8877 |   8468 |    409 |    520 |   6307 |  11 |  807.0 |
       Dungeon |   8854 |   8445 |    409 |    520 |   6307 |  10 |  885.4 |
          Lair |     22 |     22 |      0 |      0 |      0 |   1 |   22.0 |
               +--------+--------+--------+--------+--------+-----+--------+

Top non-repeatable levels by time:
    D:10: 1225 daAuts
     D:9: 1094 daAuts
     D:4: 983 daAuts
     D:6: 952 daAuts
     D:7: 942 daAuts
     D:3: 885 daAuts
     D:2: 737 daAuts
     D:8: 720 daAuts
     D:1: 719 daAuts
     D:5: 593 daAuts
  Lair:1: 22 daAuts
